 Dungeon Crawl Stone Soup version 0.32-a0-975-g85d4e5bfdb (webtiles) character file.

Game seed: 12078400915156285329

28 jasper the Vexing (level 2, 0/15 HPs)
             Began as a Deep Elf Enchanter on Apr 19, 2024.
             Slain by a gnoll
             ... wielding a +0 spear
              (8 damage)
             ... on level 2 of the Dungeon.
             The game lasted 00:02:34 (491 turns).

jasper the Vexing (Deep Elf Enchanter)               Turns: 491, Time: 00:02:35

Health: 0/15       AC:  2    Str:  5    XL:     2   Next: 96%
Magic:  8/8        EV: 12    Int: 19    God:
Gold:   11         SH:  0    Dex: 15    Spells: 8/8 levels left

rFire   . . .        a - +1 dagger
rCold   . . .        (no shield)
rNeg    . . .        b - +0 robe
rPois   .            (no helmet)
rElec   .            (no cloak)
rCorr   .            (no gloves)
SInv    .            (no boots)
Will    .....        (no amulet)
Stlth   +++          (no ring)
HPRegen 0.22/turn    (no ring)
MPRegen 0.11/turn

%: no passive effects
@: no status effects
A: no striking features
a: no special abilities


You were on level 2 of the Dungeon.
You visited 1 branch of the dungeon, and saw 2 of its levels.

You collected 11 gold pieces.

Inventory:

Hand Weapons
 a - a +1 dagger (weapon)
 d - a +0 long sword
Missiles
 e - 12 stones (quivered)
Armour
 b - a +0 robe (worn)
Jewellery
 c - an amulet of regeneration
 i - a ring of see invisible
Scrolls
 f - 2 scrolls of vulnerability {unknown}
 h - 2 scrolls of identify {unknown}
Potions
 g - a potion of berserk rage {unknown}
 j - a potion of might {unknown}


   Skills:
 - Level 1.0 Short Blades
 + Level 2.9 Dodging
 + Level 4.1 Stealth
 + Level 3.5 Spellcasting
 + Level 4.4 Hexes


You had 8 spell levels left.
You didn't know any spells.
Your spell library contained the following spells:

 Spells                   Type           Power      Damage    Failure   Level
 Confusing Touch          Hex            20%        N/A       7%          3
 Tukima's Dance           Hex            20%        N/A       7%          3
 Ensorcelled Hibernation  Hex/Ice        22%        N/A       9%          2
 Dazzling Flash           Conj/Hex       22%        N/A       17%         3


Dungeon Overview and Level Annotations

Branches:
Dungeon (2/15)

Altars:


Message History

You hit the ribbon worm but do no damage.
The ribbon worm is almost dead.
The ribbon worm closely misses you.
You barely miss the ribbon worm.
The ribbon worm is severely wounded.
The ribbon worm misses you.
Health restored: 15 You hit the ribbon worm.
The ribbon worm is severely wounded.
You hit the ribbon worm.
The ribbon worm is almost dead.
The ribbon worm bites you.
You take 2 damage, and have 13/15 hp.
You barely miss the ribbon worm.
The ribbon worm is severely wounded.
The ribbon worm bites you but does no damage.
You barely miss the ribbon worm.
The ribbon worm is severely wounded.
The ribbon worm expels a string of sticky webbing.
The stream of webbing misses you.
You catch the helpless ribbon worm completely off-guard!
You puncture the ribbon worm!
You kill the ribbon worm!
You see here a ribbon worm corpse.
You flicker for a moment.
You see here an amulet of regeneration.
c - an amulet of regeneration A gnoll comes into view.
It is wielding a +0 spear.
Health restored: 15 A gnoll comes into view.
It is wielding a +0 flail.
You flicker back into view.
The gnoll shouts!
A gnoll comes into view. It is wielding a +0 spear.
The gnoll hits you with a +0 spear!
You take 7 damage, and have 8/15 hp.
MASSIVE DAMAGE!!
You hit the gnoll.
The gnoll is lightly wounded.
The gnoll hits you with a +0 spear!
Ouch! That really hurt!
You die...

### #.. #.# #.# #.#
#.# ###.# # #.#
...# .. #.# #..# #.
#.# #..#
#.##.######..####g#
#.<..†.......@ggg#
#............######
#.##########.## #
#... #####


You could see 4 gnolls.

Vanquished Creatures
  A ribbon worm (D:2)
  2 dart slugs (D:1)
  2 bats (D:1)
  2 endoplasms (D:1)
  A giant cockroach (D:1)
  2 goblins (D:1)
  2 hobgoblins
  2 jackals (D:1)
  A quokka (D:1)
  3 ball pythons
  A rat (D:1)
19 creatures vanquished.

Notes
Turn   | Place    | Note
-------+----------+-------------------------------------------
     0 | D:1      | jasper the Deep Elf Enchanter began the quest for the Orb.
     0 | D:1      | Reached XP level 1. HP: 10/10 MP: 6/6
   164 | D:1      | Reached XP level 2. HP: 12/15 MP: 8/8
   491 | D:2      | Slain by a gnoll

Illustrated notes

Levels and vault maps discovered:
D:1:      psy_arrival_whirlpool, layout_basic, serial_bayou_pond_e,
          wad_floor_pattern_untrapped
D:2:      layout_loops_ring, st_stairs_8, minmay_pentomino_pile, uniq_robin,
          uniq_sigmund

Skill      XL: |  1  2 |
---------------+-------+-----
Stealth        | 4 |  4.1
Short Blades   | |  1.0
Dodging        | |  2.9
Spellcasting   | |  3.5
Hexes          | |  4.4

Action                     || total
---------------------------++-------
  Melee: Dagger            ||    49
    Use: Potion            ||     2
   Stab: Invisible         ||     3
         Sleeping          ||     5
 Armour: Robe              ||    19
  Dodge: Dodged            ||    30

Table legend: (Time is in decaauts)
 A = Elapsed time spent in this place.
 B = Non-inter-level travel time spent in this place.
 C = Inter-level travel time spent in this place.
 D = Time resting spent in this place.
 E = Time spent auto-exploring this place.
 F = Levels seen in this place.
 G = Mean time per level.
                   A        B        C        D        E       F      G
               +--------+--------+--------+--------+--------+-----+--------+
         Total |    489 |    487 |      2 |      0 |    269 |   2 |  244.5 |
       Dungeon |    489 |    487 |      2 |      0 |    269 |   2 |  244.5 |
               +--------+--------+--------+--------+--------+-----+--------+

Top non-repeatable levels by time:
     D:1: 448 daAuts
     D:2: 40 daAuts
